 Dungeon Crawl Stone Soup version 0.32-a0-163-g159c032296 (webtiles) character file.

Game seed: 15801483773140220611

410 BubbleThief the Geomancer (level 6, -3/32 HPs)
             Began as a Gargoyle Earth Elementalist on Feb 11, 2024.
             Killed by divine providence
             ... invoked by an orc priest
              (11 damage)
             ... on level 4 of the Dungeon.
             The game lasted 00:03:52 (3198 turns).

BubbleThief the Geomancer (GrEE)                    Turns: 3198, Time: 00:03:53

Health: -3/32      AC:  9    Str: 17    XL:     6   Next: 89%
Magic:  6/9        EV: 11    Int: 24    God:
Gold:   265        SH:  3    Dex: 10    Spells: 8/9 levels left

rFire   + . .        o - +2 trident (heavy)
rCold   . . .        v - +0 buckler "Beehio Daomm" {rF+ SInv}
rNeg    + . .        z - +0 leather armour
rPois   ∞            (no helmet)
rElec   +            u - +0 cloak
rCorr   .            x - +0 pair of gloves
SInv    +            (no boots)
Will    .....        (no amulet)
Stlth   ++           i - +6 ring of strength
HPRegen 0.25/turn    A - +6 ring of intelligence
MPRegen 0.11/turn

%: no passive effects
@: studying Fire Magic
A: sickness immunity, AC +4, negative energy resistance 1, electricity
resistance, torment resistance 1, petrification resistance
a: no special abilities


You were on level 4 of the Dungeon.
You visited 1 branch of the dungeon, and saw 4 of its levels.

You collected 265 gold pieces.

Inventory:

Hand Weapons
 m - a +0 mace
 o - a +2 heavy trident (weapon)
Armour
 a - a +0 robe
 p - a +0 kite shield
 u - a +0 cloak (worn)
 v - the +0 buckler "Beehio Daomm" (worn) {rF+ SInv}
   (You found it on level 3 of the Dungeon)

   rF+:       It protects you from fire.
   SInv:      It lets you see invisible.
 x - a +0 pair of gloves (worn)
 z - a +0 leather armour (worn)
Jewellery
 i - a +6 ring of strength (left hand)
 t - a ring of see invisible
 A - a +6 ring of intelligence (right hand)
Wands
 q - a wand of flame (3)
Scrolls
 f - 2 scrolls of teleportation {unknown}
 h - a scroll of torment {unknown}
 n - a scroll of amnesia {unknown}
 r - 4 scrolls of identify {unknown}
 w - a scroll of enchant armour {unknown}
 y - a scroll of butterflies {unknown}
 C - a scroll of blinking {unknown}
Potions
 b - a potion of magic
 c - a potion of heal wounds {unknown}
 d - 2 potions of berserk rage {unknown}
 e - a potion of brilliance {unknown}
 g - a potion of cancellation {unknown}
 j - a potion of attraction {unknown}
 k - a potion of curing {unknown}
 l - 3 potions of enlightenment {unknown}
 s - a potion of ambrosia {unknown}
 B - a potion of mutation {unknown}


   Skills:
 - Level 1.5 Dodging
 - Level 2.1 Stealth
 - Level 2.0 Spellcasting
 - Level 1.1 Conjurations
 + Level 9.0 Earth Magic


You had 8 spell levels left.
You knew the following spells:

 Your Spells              Type           Power      Damage    Failure   Level
a - Sandblast             Erth           92%        2d19      1%          1

Your spell library contained the following spells:

 Spells                   Type           Power      Damage    Failure   Level
 Passwall                 Erth           46%        N/A       1%          3
 Stone Arrow              Conj/Erth      52%        3d10      7%          3
 Brom's Barrelling Bould  Conj/Erth      26%        2d5       24%         4
 Petrify                  Alch/Erth      24%        N/A       30%         4


Dungeon Overview and Level Annotations

Branches:
Dungeon (4/15)
 Temple: D:4-7

Altars:


Innate Abilities, Weirdness & Mutations

You are immune to sickness and miasma.
Your stone body is resilient. (AC +4)
You are immune to poison.
You resist negative energy. (rN+)
You are resistant to electric shocks. (rElec)
You are resistant to unholy torment.
You are immune to petrification.


Message History

You see here a +0 club.
Found a stone staircase leading up.
An orc priest comes into view. It is wielding a +0 morningstar.
The orc priest shouts!
An orc comes into view. It is wielding a +0 short sword.
The orc priest mumbles some strange prayers to Beogh against you.
Beogh smites you!
You hear a shout!
Aiming: Sandblast (safe; 1% risk of failure)
Press: ? - help, Q - select action, (/) - cycle Shift-Dir - straight line, f - you That would be overly suicidal.
Okay, then.
Unknown command.
Unknown command.
The orc shouts!
An orc priest comes into view. It is wielding a +0 dagger.
Aiming: Sandblast (safe; 1% risk of failure)
Press: ? - help, Q - select action, (/) - cycle Shift-Dir - straight line, f - orc priest
Aim: an orc priest, wielding a +0 morningstar (85% to hit)
The blast of sand hits the orc priest!
You kill the orc priest!
Your Earth Magic skill increases to level 9!
Aiming: Sandblast (safe; 1% risk of failure)
Press: ? - help, Q - select action, (/) - cycle Shift-Dir - straight line, f - orc
Aim: an orc, wielding a +0 short sword (85% to hit)
The blast of sand misses the orc.
An orc comes into view. It is wielding a +0 hand axe.
Unknown command.
Aiming: Sandblast (safe; 1% risk of failure)
Press: ? - help, Q - select action, (/) - cycle Shift-Dir - straight line, f/p - orc
Aim: an orc, wielding a +0 short sword (85% to hit)
The blast of sand hits the orc!!
You kill the orc!
The orc shouts!
The orc priest mumbles some strange prayers to Beogh against you.
Beogh smites you!
* * * LOW HITPOINT WARNING * * *
The orc priest invokes the aid of Beogh against you.
Beogh smites you!
You die...

#.. #o# #.# #o#
####)# .<..#
..####.)#
.......@#####:.
#..####.........
#...............
#.#####.########
#.# #####
#########.#
#)..#
#......##.#
.†<##
##.###.#..#
#.).###.##
#.#.##


You could see an orc priest and an orc.

Vanquished Creatures
  An ogre (D:4)
  A black bear (D:3)
  An orc priest (D:4)
  Crazy Yiuf (D:2)
  An iguana (D:4)
  Terence (D:2)
  5 adders
  A dart slug (D:1)
  9 orcs
  5 ball pythons
  7 bats
  5 endoplasms
  2 giant cockroaches
  3 goblins
  10 hobgoblins
  A jackal (D:3)
  10 kobolds
  3 quokkas
  2 frilled lizards
  5 rats
74 creatures vanquished.

Notes
Turn   | Place    | Note
-------+----------+-------------------------------------------
     0 | D:1      | BubbleThief the Gargoyle Earth Elementalist began the quest
                  | for the Orb.
     0 | D:1      | Reached XP level 1. HP: 10/10 MP: 3/3
   147 | D:1      | Reached skill level 4 in Earth Magic
   286 | D:1      | Reached XP level 2. HP: 15/15 MP: 3/5
   655 | D:1      | Reached XP level 3. HP: 19/19 MP: 2/6
   695 | D:1      | Reached skill level 5 in Earth Magic
  1055 | D:1      | You fall into a shaft and drop 1 floor!
  1113 | D:2      | Noticed Terence
  1120 | D:2      | Killed Terence
  1121 | D:2      | Reached skill level 6 in Earth Magic
  1121 | D:2      | Reached XP level 4. HP: 13/24 MP: 0/7
  1505 | D:2      | Found a runed translucent door.
  1506 | D:2      | Noticed Crazy Yiuf
  1942 | D:2      | Killed Crazy Yiuf
  1943 | D:2      | Reached XP level 5. HP: 6/28 MP: 3/8
  2234 | D:3      | Identified the +0 buckler "Beehio Daomm" {rF+ SInv}
  2415 | D:3      | Reached skill level 7 in Earth Magic
  2972 | D:4      | Noticed a black bear
  2981 | D:3      | Killed a black bear
  2982 | D:3      | Reached skill level 8 in Earth Magic
  2982 | D:3      | Reached XP level 6. HP: 29/32 MP: 2/9
  3197 | D:4      | Reached skill level 9 in Earth Magic
  3198 | D:4      | Killed from afar by an orc priest

Illustrated notes

Levels and vault maps discovered:
D:1:      mrwooster_arrival_arrow, layout_loops_corners
D:2:      layout_basic, nicolae_half_adder, uniq_terence,
          uniq_crazy_yiuf_cottage
D:3:      layout_loops_cross, st_stairs_2, grunt_decor_one_mirror,
          minmay_joined_circles
D:4:      layout_loops_ring, minmay_temple_entry_poolview, hex_tiny,
          minmay_manual_mess

Skill      XL: |  1  2  3  4  5  6 |
---------------+-------------------+-----
Earth Magic    | 4 6 8 9 |  9.0
Dodging        | |  1.5
Stealth        | |  2.1
Spellcasting   | |  2.0
Conjurations   | |  1.1

Action                     |  1- 3 |  4- 6 || total
---------------------------+-------+-------++-------
  Melee: Trident           |       |    14 ||    14
   Cast: Sandblast         |    40 |    52 ||    92
  Evoke: Wand              |       |     7 ||     7
 Armour: Robe              |     6 |    29 ||    35
         Leather armour    |       |    12 ||    12
  Dodge: Dodged            |    14 |    32 ||    46
  Block: Buckler           |       |     6 ||     6

Table legend: (Time is in decaauts)
 A = Elapsed time spent in this place.
 B = Non-inter-level travel time spent in this place.
 C = Inter-level travel time spent in this place.
 D = Time resting spent in this place.
 E = Time spent auto-exploring this place.
 F = Levels seen in this place.
 G = Mean time per level.
                   A        B        C        D        E       F      G
               +--------+--------+--------+--------+--------+-----+--------+
         Total |   3256 |   3160 |     96 |      0 |   2754 |   4 |  814.0 |
       Dungeon |   3256 |   3160 |     96 |      0 |   2754 |   4 |  814.0 |
               +--------+--------+--------+--------+--------+-----+--------+

Top non-repeatable levels by time:
     D:1: 1138 daAuts
     D:2: 1052 daAuts
     D:3: 900 daAuts
     D:4: 165 daAuts
